 Dungeon Crawl Stone Soup version 0.21.0 (webtiles) character file.

3514 Crossell the Grappler (level 9, -7/84 HPs)
             Began as a Troll Fighter on Mar 29, 2018.
             Was a Believer of Makhleb.
             Mangled by an orc warrior
             ... wielding a +0 trident
              (18 damage)
             ... on level 8 of the Dungeon on Apr 5, 2018.
             The game lasted 00:48:26 (7072 turns).

Crossell the Grappler (Troll Fighter)               Turns: 7072, Time: 00:48:27

Health: -7/84      AC:  6    Str: 34    XL:     9   Next: 81%
Magic:  8/8        EV: 10    Int:  4    God:    Makhleb [**....]
Gold:   512        SH: 11    Dex:  9    Spells: 8/8 levels left

rFire    + . .     SeeInvis .     - Unarmed
rCold    + . .     Gourm    +   b - +0 shield
rNeg     . . .     Faith    .   a - +1 robe
rPois    .         Spirit   .   (helmet restricted)
rElec    .         Reflect  .   (no cloak)
rCorr    .         Harm     .   (gloves unavailable)
MR       .....                  (boots unavailable)
Stlth    ++........             (no amulet)
HPRegen  0.64/turn              p - ring of protection from cold
MPRegen  0.11/turn              o - ring of protection from fire

@: mighty
A: large, unfitting armour, claws 3, fast metabolism 3, gourmand, regeneration
1, shaggy fur 1, tough skin 2
a: Minor Destruction, Renounce Religion


You were on level 8 of the Dungeon.
You worshipped Makhleb.
Makhleb was pleased with you.
You were very hungry.

You visited 2 branches of the dungeon, and saw 9 of its levels.

You collected 512 gold pieces.

Inventory:

Hand Weapons
 w - a +3 dire flail
Armour
 a - a +1 robe (worn)
 b - a +0 shield (worn)
Jewellery
 o - a ring of protection from fire (right claw)
 p - a ring of protection from cold (left claw)
 v - a +4 ring of intelligence {unknown}
Wands
 g - a wand of disintegration (17)
 m - a wand of random effects (27)
 u - a wand of flame (27)
Scrolls
 f - a scroll of remove curse
 j - 3 scrolls of teleportation
 l - a scroll of blinking {unknown}
 n - a scroll of fear
 q - a scroll of enchant weapon {unknown}
 s - a scroll of vulnerability {unknown}
Potions
 h - a potion of haste
 i - 3 potions of curing
 k - 2 potions of degeneration {unknown}
 r - 3 potions of mutation {unknown}
 t - a potion of heal wounds {unknown}
Comestibles
 d - 10 rations
 x - 12 chunks of flesh


   Skills:
 + Level 4.0 Fighting
 + Level 5.3 Dodging
 + Level 2.0 Stealth
 + Level 5.7 Shields
 + Level 10.2 Unarmed Combat


You had 8 spell levels left.
You didn't know any spells.

Dungeon Overview and Level Annotations

Branches:
Dungeon (8/15)             Temple (1/1) D:5
   Lair: D:8-11

Altars:
Ashenzari
Cheibriados
Dithmenos
Elyvilon
Hepliaklqana
Kikubaaqudgha
Makhleb
Okawaru
Qazlal
Sif Muna
Trog
Uskayaw
Vehumet
Wu Jian
Yredelemnul
The Shining One


Innate Abilities, Weirdness & Mutations

You are too large for most types of armour.
You have claws for hands.
Your metabolism is lightning-fast.
You like to eat raw meat.
Your natural rate of healing is unusually fast.
You are covered in fur. (AC +1)
You have very tough skin. (AC +2)


Message History

You feel better. The orc warrior closely misses you.
You barely miss the worker ant. You block the worker ant's attack.
You barely miss the worker ant. You block the worker ant's attack.
The orc warrior hits you from afar with a trident!
* * * LOW HITPOINT WARNING * * *
You closely miss the worker ant.
You are feeling very hungry.
The worker ant closely misses you.
The orc warrior hits you but does no damage.
The worker ant bites you.
* * * LOW HITPOINT WARNING * * *
You feel very mighty all of a sudden. You block the orc warrior's attack.
The worker ant bites you.
* * * LOW HITPOINT WARNING * * *
You mangle the worker ant!!
You kill the worker ant!
Makhleb accepts your kill.
You feel better. You block the orc warrior's attack.
The orc warrior hits you with a trident!!
You die...

#####..# ##......##
##........# ##.........##
#...........##
.............#
..........[.o###########.
............)@...........
.......<..##########....#
.#####...## #.# ##...#
#...# ##..# #... .....
......


You could see an orc warrior.

Vanquished Creatures
  A hippogriff (D:8)
  A hungry ghost (D:7)
  Menkaure (D:4)
  2 water moccasins
  An ice beast (D:8)
  2 orc warriors
  A sky beast (D:5)
  3 ogres
  2 phantoms
  2 centaurs
  5 bullfrogs
  A scorpion (D:4)
  5 killer bees (D:7)
  4 wights (D:8)
  The ghost of Clarigatio the Grave Robber, a weakling DsNe (D:3)
  3 howler monkeys (D:8)
  A bullfrog zombie (D:7)
  3 orc priests
  3 jellies
  3 bullfrog skeletons
  3 hounds
  4 orc wizards
  4 iguanas
  Ijyb (D:4)
  Natasha (thrice) (D:4)
  5 worker ants
  7 adders
  A shadow imp (D:5)
  An adder zombie (D:6)
  6 worms
  3 dart slugs
  5 leopard geckos
  21 orcs
  4 bats
  4 giant cockroaches
  7 goblins
  4 hobgoblins
  11 jackals
  5 quokkas
  5 frilled lizards
  8 kobolds
  4 rats
161 creatures vanquished.

Notes
Turn   | Place    | Note
-------+----------+-------------------------------------------
     0 | D:1      | Crossell the Troll Fighter began the quest for the Orb.
     0 | D:1      | Reached XP level 1. HP: 22/22 MP: 0/0
   298 | D:1      | Reached XP level 2. HP: 29/29 MP: 1/1
   643 | D:2      | Noticed an ogre
   652 | D:2      | Killed an ogre
   652 | D:2      | Reached skill level 3 in Unarmed Combat
   652 | D:2      | Reached XP level 3. HP: 30/36 MP: 2/2
   652 | D:2      | Reached XP level 4. HP: 36/44 MP: 3/3
  1146 | D:2      | Reached XP level 5. HP: 52/52 MP: 4/4
  1431 | D:3      | Noticed Clarigatio's ghost (weakling DsNe)
  1439 | D:3      | Killed Clarigatio's ghost
  1439 | D:3      | Reached skill level 4 in Unarmed Combat
  1587 | D:3      | Found an iron altar of Okawaru.
  1648 | D:3      | Found a snail-covered altar of Cheibriados.
  1724 | D:3      | Reached XP level 6. HP: 55/61 MP: 5/5
  1725 | D:3      | Found a burning altar of Makhleb.
  1733 | D:3      | Became a worshipper of Makhleb the Destroyer
  1940 | D:3      | Found an ornate altar of the Wu Jian Council.
  2193 | D:4      | Noticed Ijyb
  2209 | D:4      | Killed Ijyb
  2380 | D:4      | Reached skill level 5 in Unarmed Combat
  2396 | D:4      | Noticed Natasha
  2402 | D:4      | Killed Natasha
  2430 | D:4      | Noticed Menkaure
  2439 | D:4      | Killed Menkaure
  2439 | D:4      | Reached XP level 7. HP: 21/67 MP: 6/6
  2906 | D:4      | Noticed Natasha
  2912 | D:4      | Killed Natasha
  3051 | D:4      | Noticed Natasha
  3063 | D:4      | Killed Natasha
  3301 | D:4      | Reached skill level 6 in Unarmed Combat
  3529 | D:5      | Entered Level 5 of the Dungeon
  3630 | D:5      | Found a staircase to the Ecumenical Temple.
  3802 | D:5      | Reached XP level 8. HP: 66/75 MP: 7/7
  3851 | D:5      | Reached * piety under Makhleb
  4046 | D:5      | Reached skill level 7 in Unarmed Combat
  4110 | Temple   | Entered the Ecumenical Temple
  4795 | D:6      | Reached skill level 1 in Stealth
  4877 | D:6      | Reached skill level 8 in Unarmed Combat
  5747 | D:7      | Reached XP level 9. HP: 70/83 MP: 8/8
  5828 | D:7      | Reached skill level 5 in Shields
  6104 | D:7      | Got a crystal mace
  6168 | D:7      | Reached skill level 9 in Unarmed Combat
  6431 | D:7      | Reached ** piety under Makhleb
  6431 | D:7      | Reached skill level 5 in Dodging
  7012 | D:8      | Reached skill level 10 in Unarmed Combat
  7072 | D:8      | Mangled by an orc warrior

Skill      XL: |  1  2  3  4  5  6  7  8  9 |
---------------+----------------------------+-----
Dodging        | 3 4 5 |  5.3
Shields        | 3 4 5 |  5.7
Unarmed Combat | 3 4 5 6 8 10 | 10.2
Fighting       | 3 4 |  4.0
Stealth        | 1 2 |  2.0

Action                   |  1- 3 |  4- 6 |  7- 9 || total
-------------------------+-------+-------+-------++-------
Melee: Unarmed           |    56 |   160 |   298 ||   514
  Use: Scroll            |       |     2 |    10 ||    12
       Potion            |       |       |     2 ||     2
 Stab: Sleeping          |       |       |     1 ||     1
  Eat: Chunk             |     1 |    15 |    34 ||    50
       Ration            |       |     1 |     3 ||     4
Armor: Robe              |    10 |    45 |    35 ||    90
Dodge: Dodged            |    10 |    59 |    92 ||   161
Block: Shield            |    36 |    76 |   107 ||   219
